 Dungeon Sprint DCSS version 0.31-a0-408-gb642c7f9a3 (webtiles) character file.

Game seed: 17296370279989922542

51 zazu2006 the Nimble (level 3, -10/27 HPs)
             Began as a Gnoll Wanderer on July 29, 2023.
             Mangled by a water elemental (14 damage)
             ... in the Dungeon (Sprint III: "The Ten Rune Challenge").
             The game lasted 00:02:04 (287 turns).

zazu2006 the Nimble (Gnoll Wanderer)                 Turns: 287, Time: 00:02:06

Health: -10/27     AC:  5    Str: 16    XL:     3   Next: 81%
Magic:  6/6        EV: 15    Int:  9    God:
Gold:   15         SH:  0    Dex: 10    Spells: 6/6 levels left

rFire   . . .        a - +0 hand axe
rCold   . . .        (no shield)
rNeg    . . .        b - +2 leather armour
rPois   .            (no helmet)
rElec   .            (no cloak)
rCorr   .            (no gloves)
SInv    .            (no boots)
Will    .....        (no amulet)
Stlth   ++           (no ring)
HPRegen 0.24/turn    (no ring)
MPRegen 0.10/turn

%: no teleportation
@: engulfed (cannot breathe)
A: fangs 1, strong nose, distributed training
a: no special abilities


You were in the Dungeon.
You visited 1 branch You collected 15 gold pieces.

Inventory:

Hand Weapons
 a - a +0 hand axe (weapon)
 d - a +0 dagger
Missiles
 c - 8 boomerangs (quivered)
Armour
 b - a +2 leather armour (worn)
Scrolls
 m - 2 scrolls of poison {unknown}
 n - 2 scrolls of identify {unknown}
Potions
 e - 2 potions of berserk rage
 f - a potion of curing
 g - a potion of heal wounds
 h - 2 potions of haste
 i - 2 potions of magic
 k - 2 potions of invisibility {unknown}
 l - 3 potions of mutation {unknown}
 o - a potion of attraction {unknown}
 p - 2 potions of enlightenment {unknown}


   Skills:
 + Level 2.3 Fighting
 + Level 2.3 Short Blades
 + Level 2.3 Long Blades
 + Level 3.5 Axes
 + Level 2.3 Maces & Flails
 + Level 2.3 Polearms
 + Level 2.3 Staves
 + Level 2.3 Ranged Weapons
 + Level 5.1 Throwing
 + Level 3.5 Armour
 + Level 10.7 Dodging
 + Level 3.3 Stealth
 + Level 2.3 Shields
 + Level 2.3 Unarmed Combat
 + Level 2.3 Spellcasting
 + Level 1.8 Conjurations
 + Level 1.8 Hexes
 + Level 1.8 Summonings
 + Level 1.8 Necromancy
 + Level 1.8 Translocations
 + Level 1.8 Transmutations
 + Level 1.8 Fire Magic
 + Level 1.8 Ice Magic
 + Level 1.8 Air Magic
 + Level 1.8 Earth Magic
 + Level 1.8 Poison Magic
 + Level 2.5 Invocations
 + Level 2.3 Evocations
 + Level 1.8 Shapeshifting


You had 6 spell levels left.
You didn't know any spells.
Your spell library was empty.

Dungeon Overview and Level Annotations

Branches:
Dungeon (1/1)

Altars:


Innate Abilities, Weirdness & Mutations

You have very sharp teeth.
Your uncanny sense of smell can sniff out nearby items.
Your experience applies equally to all skills.


Message History

The boomerang barely misses the water elemental.
Throw: 8 boomerangs
Press: ? - help, Q - select action Shift-Dir - straight line, f/p - water elemental
Aim: a water elemental (lightly damaged, 68% to hit)
You throw a boomerang. The boomerang hits the water elemental.
The water elemental is moderately damaged.
You aren't carrying any items that you can evoke.
Throw: 8 boomerangs
Press: ? - help, Q - select action Shift-Dir - straight line, f/p - water elemental
Aim: a water elemental (moderately damaged, 68% to hit)
You throw a boomerang. The boomerang hits the water elemental!
The water elemental is severely damaged.
Throw: 8 boomerangs
Press: ? - help, Q - select action Shift-Dir - straight line, f/p - water elemental
Aim: a water elemental (severely damaged, 68% to hit)
You throw a boomerang.
The boomerang hits the water elemental but does no damage.
The water elemental is severely damaged.
Unknown command.
Throw: 8 boomerangs
Press: ? - help, Q - select action Shift-Dir - straight line, f/p - water elemental
Aim: a water elemental (severely damaged, 68% to hit)
You throw a boomerang. The boomerang hits the water elemental!
The water elemental is almost destroyed.
The water elemental closely misses you.
Unknown command.
You hit the water elemental but do no damage.
The water elemental is almost destroyed.
The water elemental misses you.
You hit the water elemental.
The water elemental is almost destroyed.
The water elemental hits you.
The water elemental engulfs you in water!
You barely miss the water elemental. Your bite misses the water elemental.
The water elemental is almost destroyed.
* * * LOW HITPOINT WARNING * * *
Your lungs strain for air!
The water elemental hits you!
Ouch! That really hurt!
You die...

▓.††..#....~♣♣♣♣..###+#+###
▓.....#...~~..♣♣♣.#........
▓.....#..~~~~.♣♣♣.'.⌠......
▓####'#..~≈≈~~~...#...#####
▓...†)#.~~≈~~~....#.⌠.#
▓.....#.~≈~~~.....#...#∆
▓.....#.~~~.......#+###
▓'#####...........# ∆∆
▓........†.@E.....#
▓▓▓▓▓▓▓▓▓▓▓▓▓▓▓▓▓▓▓ ∆


You could see a water elemental.

Vanquished Creatures
  Jessica (D)
  A human (D)
  A phantom (D)
  3 rats (D)
6 creatures vanquished.

Notes
Turn   | Place    | Note
-------+----------+-------------------------------------------
     0 | D        | Reached skill level 10 in Dodging
     0 | D        | zazu2006 the Gnoll Wanderer began the quest for the Orb.
     0 | D        | zazu2006 set off with the following items: a +0 hand axe, a
                  | +2 leather armour, 9 boomerangs, a +0 dagger, 2 potions of
                  | berserk rage, a potion of curing, a potion of heal wounds,
                  | a potion of haste, 2 potions of magic, a scroll of
                  | blinking.
     0 | D        | Reached XP level 1. HP: 13/13 MP: 1/1
    28 | D        | Noticed Jessica
    33 | D        | Killed Jessica
    34 | D        | Reached skill level 1 in Fighting
    34 | D        | Reached skill level 1 in Short Blades
    34 | D        | Reached skill level 1 in Long Blades
    34 | D        | Reached skill level 1 in Maces & Flails
    34 | D        | Reached skill level 1 in Polearms
    34 | D        | Reached skill level 1 in Staves
    34 | D        | Reached skill level 1 in Ranged Weapons
    34 | D        | Reached skill level 1 in Shields
    34 | D        | Reached skill level 1 in Unarmed Combat
    34 | D        | Reached skill level 1 in Spellcasting
    34 | D        | Reached skill level 1 in Conjurations
    34 | D        | Reached skill level 1 in Hexes
    34 | D        | Reached skill level 1 in Summonings
    34 | D        | Reached skill level 1 in Necromancy
    34 | D        | Reached skill level 1 in Translocations
    34 | D        | Reached skill level 1 in Transmutations
    34 | D        | Reached skill level 1 in Fire Magic
    34 | D        | Reached skill level 1 in Ice Magic
    34 | D        | Reached skill level 1 in Air Magic
    34 | D        | Reached skill level 1 in Earth Magic
    34 | D        | Reached skill level 1 in Poison Magic
    34 | D        | Reached skill level 1 in Evocations
    34 | D        | Reached skill level 1 in Shapeshifting
    34 | D        | Reached XP level 2. HP: 13/22 MP: 1/4
    34 | D        | Reached XP level 3. HP: 16/27 MP: 1/5
   111 | D        | Reached skill level 5 in Throwing
   271 | D        | Noticed a water elemental
   287 | D        | Mangled by a water elemental

Illustrated notes

Levels and vault maps discovered:
D:        dungeon_sprint_mu [sprint_mu_entry_forest, sprint_mu_temple_rooms,
          sprint_mu_d1_spiders, sprint_mu_d2_genie, sprint_mu_d3_branching,
          sprint_mu_orc_legion, sprint_mu_elf_gauntlet, sprint_mu_hive_nellie,
          sprint_mu_lair_fedhas, sprint_mu_vaults_butterflies,
          sprint_mu_slime_circle, sprint_mu_shoals_archi,
          sprint_mu_snake_twists, sprint_mu_blade_basic, sprint_mu_crypt_lich,
          sprint_mu_tomb_spiral, sprint_mu_vestibule_basic,
          sprint_mu_gehenna_hellfire, sprint_mu_dis_giant,
          sprint_mu_tartarus_statrot, sprint_mu_cocytus_islands, sprint_mu_zot1]

Skill      XL: |  1  2  3 |
---------------+----------+-----
Dodging        | | 10.7
Fighting       | 1 2 |  2.3
Short Blades   | 1 2 |  2.3
Long Blades    | 1 2 |  2.3
Axes           | 3 |  3.5
Maces & Flails | 1 2 |  2.3
Polearms       | 1 2 |  2.3
Staves         | 1 2 |  2.3
Ranged Weapons | 1 2 |  2.3
Armour         | 3 |  3.5
Stealth        | 3 |  3.3
Shields        | 1 2 |  2.3
Unarmed Combat | 1 2 |  2.3
Spellcasting   | 1 2 |  2.3
Conjurations   | 1 |  1.8
Hexes          | 1 |  1.8
Summonings     | 1 |  1.8
Necromancy     | 1 |  1.8
Translocations | 1 |  1.8
Transmutations | 1 |  1.8
Fire Magic     | 1 |  1.8
Ice Magic      | 1 |  1.8
Air Magic      | 1 |  1.8
Earth Magic    | 1 |  1.8
Poison Magic   | 1 |  1.8
Invocations    | 2 |  2.5
Evocations     | 1 2 |  2.3
Shapeshifting  | 1 |  1.8
Throwing       | 5 |  5.1

Action                     || total
---------------------------++-------
  Melee: Hand axe          ||    35
         Punch             ||     2
  Throw: Boomerang         ||    14
    Use: Scroll            ||     1
 Armour: Leather armour    ||     6
  Dodge: Dodged            ||    22

Table legend: (Time is in decaauts)
 A = Elapsed time spent in this place.
 B = Non-inter-level travel time spent in this place.
 C = Inter-level travel time spent in this place.
 D = Time resting spent in this place.
 E = Time spent auto-exploring this place.
 F = Levels seen in this place.
 G = Mean time per level.
                   A        B        C        D        E       F      G
               +--------+--------+--------+--------+--------+-----+--------+
         Total |    295 |    295 |      0 |    154 |      0 |   1 |  295.0 |
       Dungeon |    295 |    295 |      0 |    154 |      0 |   1 |  295.0 |
               +--------+--------+--------+--------+--------+-----+--------+

Top non-repeatable levels by time:
       D: 295 daAuts
